 Dungeon Crawl Stone Soup version 0.27.0-1-g7a089689b8 (webtiles) character file.

Game seed: 7637434242362351279

181481 inmateoo the Grappler (level 17, -27/215 HPs)
             Began as a Troll Hunter on Aug 9, 2021.
             Was the Champion of Okawaru.
             Annihilated by a spriggan berserker (31 damage)
             ... on level 4 of the Swamp.
             The game lasted 00:34:29 (25171 turns).

inmateoo the Grappler (Troll Hunter)               Turns: 25171, Time: 00:34:30

Health: -27/215    AC: 32    Str: 19    XL:     17   Next: 68%
Magic:  0/37       EV: 14    Int: 22    God:    Okawaru [******]
Gold:   721        SH:  0    Dex: 19    Spells: 22/32 levels left

rFire    . . .     SeeInvis .     - Unarmed
rCold    + . .     Faith    .   (no shield)
rNeg     + + +     Spirit   +   (armour currently unavailable)
rPois    ∞         Reflect  .   v - +2 hat of the Bear Spirit {Spirit, +Rage rN+ Will++}
rElec    +         Harm     .   (no cloak)
rCorr    .         Rampage  .   (gloves unavailable)
Will     ++++.                  (boots unavailable)
Stlth    +++.......             p - amulet "Kibraukh" {Spirit +Blink rElec Int+4}
HPRegen  1.45/turn              C - ring "Biavemne" {rPois rC+ rN+ Str-5 Int+6}
MPRegen  0.25/turn              a - ring of Cheibriados's Grace {MP+9 AC+4 Int+5 Dex+4 Stlth+}

@: statue-form, wereblooded, very slow
A: slow and powerful, torment resistance 1, boosted hp, large, unfitting armour,
claws 3, regeneration 1, (shaggy fur 1), (tough skin 1), antennae 1,
strong-willed 1
a: End Transformation, Renounce Religion, Evoke Blink, Evoke Berserk Rage,
Heroism, Finesse


You were on level 4 of the Swamp.
You worshipped Okawaru.
Okawaru was exalted by your worship.
You were a living statue of rough stone.
You visited 4 branches of the dungeon, and saw 27 of its levels.
You visited the Abyss 1 time.
You also visited: Ossuary.

You collected 3795 gold pieces.
You spent 3074 gold pieces at shops.

Inventory:

Missiles
 c - 54 large rocks (quivered)
 k - 20 silver javelins
 o - 43 boomerangs
 K - 10 javelins
 T - a throwing net
Armour
 f - the +4 skin of Zhor (melded) {*Englaciate rC+++ SInv}
   (You found it on level 13 of the Dungeon)

   It radiates cold, occasionally slowing all nearby creatures who are not
   resistant to cold.
   rC:        It renders you almost immune to cold.
   SInv:      It lets you see invisible.
 v - the +2 hat of the Bear Spirit (worn) {Spirit, +Rage rN+ Will++}
   (You acquired it on level 3 of the Swamp)

   rN:        It protects you from negative energy.
   +Rage:     It lets you go berserk.
   Will:      It greatly increases your willpower.
 D - +1 swamp dragon scales
 M - a +1 kite shield of fire resistance
Jewellery
 a - the ring of Cheibriados's Grace (right claw) {MP+9 AC+4 Int+5 Dex+4 Stlth+}
   (You acquired it on level 4 of the Dungeon)

   [ring of protection]

   AC:        It affects your AC (+4).
   Int:       It affects your intelligence (+5).
   Dex:       It affects your dexterity (+4).
   MP:        It affects your magic capacity (+9).
   Stlth:     It makes you more stealthy.
 d - the ring of Wonder {rElec rN+++ Int-5 Slay+4 Stlth+}
   (You bought it in a shop on level 2 of the Orcish Mines)

   [ring of slaying]

   Int:       It affects your intelligence (-5).
   Slay:      It affects your accuracy & damage with ranged weapons and melee
   (+4).
   rElec:     It insulates you from electricity.
   rN:        It renders you almost immune to negative energy.
   Stlth:     It makes you more stealthy.
 p - the amulet "Kibraukh" (around neck) {Spirit +Blink rElec Int+4}
   (You bought it in a shop on level 2 of the Orcish Mines)

   [amulet of guardian spirit]

   It causes incoming damage to be divided between your reserves of health and
   magic.
   Int:       It affects your intelligence (+4).
   rElec:     It insulates you from electricity.
   +Blink:    It lets you blink.
 C - the ring "Biavemne" (left claw) {rPois rC+ rN+ Str-5 Int+6}
   (You found it on level 10 of the Dungeon)

   [ring of intelligence]

   Str:       It affects your strength (-5).
   Int:       It affects your intelligence (+6).
   rC:        It protects you from cold.
   rPois:     It protects you from poison.
   rN:        It protects you from negative energy.
 J - a +4 ring of slaying
 R - a ring of protection from fire
Wands
 e - a wand of paralysis (33)
 w - a wand of iceblast (27)
 A - a wand of mindburst (74)
 E - a wand of flame (79)
 H - a wand of acid (16)
 Q - a wand of digging (12)
Scrolls
 g - 8 scrolls of blinking
 h - 3 scrolls of magic mapping
 r - 13 scrolls of teleportation
 t - 5 scrolls of amnesia
 u - 6 scrolls of enchant armour
 x - 3 scrolls of fear
 I - 2 scrolls of silence
 N - 2 scrolls of identify
 O - a scroll of holy word
 P - 6 scrolls of fog
Potions
 b - 16 potions of curing
 i - 3 potions of might
 j - 15 potions of ambrosia
 l - 5 potions of heal wounds
 m - 6 potions of haste
 n - 6 potions of flight
 q - 5 potions of berserk rage
 s - 2 potions of magic
 z - 5 potions of resistance
 B - 2 potions of lignification
 F - a potion of mutation
 G - 2 potions of brilliance
 L - 2 potions of invisibility


   Skills:
 + Level 10.0 Fighting
 - Level 10.0 Throwing
 + Level 8.0 Dodging
 - Level 0.3 Stealth
 + Level 0.1 Shields
 + Level 14.0 Unarmed Combat
 + Level 8.0 Spellcasting
 - Level 14.0 Transmutations
 - Level 10.0 Earth Magic
 + Level 8.0 Invocations


You had 22 spell levels left.
You knew the following spells:

 Your Spells              Type           Power      Damage    Failure   Level
a - Statue Form           Tmut/Erth      38%        N/A       9%          6
b - Wereblood             Tmut           63%        N/A       1%          2
c - Passwall              Tmut/Erth      47%        N/A       1%          2

Your spell library contained the following spells:

 Spells                   Type           Power      Damage    Failure   Level
 Sandblast                Erth           100%       2d20      1%          1
 Petrify                  Tmut/Erth      57%        N/A       1%          4
 Stone Arrow              Conj/Erth      60%        3d10      2%          3
 Ignite Poison            Fire/Tmut/Pois 29%        N/A       3%          3
 Lee's Rapid Deconstruct  Erth           25%        3d15*     3%          5
 Magic Dart               Conj           32%        1d4       8%          1
 Call Imp                 Summ           8%         N/A       11%         2
 Sublimation of Blood     Necr           4%         N/A       11%         2
 Conjure Flame            Conj/Fire      8%         6-21      22%         3
 Mephitic Cloud           Conj/Pois/Air  8%         N/A       22%         3
 Bolt of Magma            Conj/Fire/Erth 11%        4d7       47%         5
 Olgreb's Toxic Radiance  Pois           8%         N/A       58%         4
 Sticky Flame             Conj/Fire      8%         2d3       58%         4
 Metabolic Englaciation   Hex/Ice        4%         N/A       90%         5
 Ozocubu's Refrigeration  Ice            4%         4d5       100%        7
 Summon Hydra             Summ           4%         N/A       100%        7
 Ignition                 Fire           4%         3d4       100%        8
 Shatter                  Erth           25%        3d22*     100%        9


Dungeon Overview and Level Annotations

Branches:
Dungeon (15/15)            Temple (0/1) D:7            Lair (6/6) D:8
  Swamp (4/4) Lair:2        Snake (0/4) Lair:2        Slime (0/5) Lair:5
    Orc (2/2) D:9             Elf (0/3) Orc:2        Vaults (0/5) D:14
 Depths (0/5) D:15        Ossuary (visited)

Altars:
Ashenzari
Cheibriados
Dithmenos
Elyvilon
Fedhas
Gozag
Makhleb
Okawaru
Qazlal
Trog
Yredelemnul
Beogh
Jiyva

Shops:
D:7 (   D:10 [   D:15 !   Orc:2 (*=(

Annotations:
Swamp:3 2 transporters, popps's ghost, adept MiBe


Innate Abilities, Weirdness & Mutations

You are a living statue of rough stone.
Your actions are slow, but your melee attacks are powerful.
You are resistant to unholy torment.
Your maximum health is greatly increased.
You are immune to poison.
Your equipment is partially melded.
You are too large for most types of armour.
You have claws for hands.
Your natural rate of healing is unusually fast.
((You are covered in fur. (AC +1)))
((You have tough skin. (AC +1)))
You have a pair of small antennae on your head.
You are strong-willed. (Will+)


Message History

You kill the 11-headed hydra!
Okawaru accepts your kill.
The death yak gores you but does no damage.
The spriggan berserker hits you with a +5 rapier!!!
Training target 14.0 for Transmutations reached!
Your Transmutations skill increases to level 14!
You need to enable at least one skill for training.
You claw the death yak!
The death yak is lightly wounded.
The death yak gores you.
The spriggan berserker barely misses you.
The death yak closely misses you.
You mangle the death yak!!
The death yak is heavily wounded.
The spriggan berserker hits you with a +5 rapier!!
The death yak gores you but does no damage.
The spriggan berserker hits you with a +5 rapier!
The death yak gores you!!
* * * LOW HITPOINT WARNING * * *
You eviscerate the spriggan berserker!!!
The spriggan berserker is severely wounded.
You hear a roar!
The spriggan berserker misses you. The death yak gores you!!
* * * LOW HITPOINT WARNING * * *
The spriggan berserker hits you but does no damage.
Unknown command.
You barely miss the spriggan berserker.
Your claw misses the spriggan berserker.
The spriggan berserker is severely wounded.
You howl as the wereblood boils in your veins!
The death yak completely misses you.
The spriggan berserker hits you with a +5 rapier!!
* * * LOW HITPOINT WARNING * * *
The death yak gores you.
* * * LOW HITPOINT WARNING * * *
Unknown command.
You barely miss the spriggan berserker.
The spriggan berserker is severely wounded.
The spriggan berserker hits you with a +5 rapier!!
You die...

≈≈≈≈≈♣≈≈≈≈ .≈≈(≈..≈♣ ....≈≈.♣
♣♣..≈≈≈≈ ♣≈≈. ♣≈.(≈.. ≈≈..
♣..≈≈.♣♣♣ ♣♣♣♣ .... ♣≈≈≈Yi..♣
♣≈.♣ ≈≈♣ ♣≈≈≈8≈≈.♣ ♣♣♣≈.♣ .≈
♣≈♣ ♣♣♣♣♣≈≈≈.≈≈.♣ ♣♣≈≈≈♣♣ ♣
♣.. ♣≈..♣♣....♣♣♣♣♣≈≈≈≈♣♣ ♣
♣..♣ ♣♣.≈♣♣≈♣♣♣♣♣♣♣≈^≈≈≈.♣
♣♣♣♣..≈ ♣≈.....♣♣ ♣≈.♣♣.≈≈.♣
≈♣♣...≈♣♣♣♣≈.<.≈♣♣♣♣♣♣♣?.≈≈.♣♣
≈.♣♣≈.≈≈≈♣♣≈≈≈≈♣♣≈≈♣♣♣♣.†≈≈§.♣
≈.♣ ♣≈≈≈...≈§≈.♣≈.<♣≈≈♣.≈≈≈≈♣♣
.♣♣ ♣♣...<..≈≈≈≈.♣♣≈≈≈≈≈≈≈≈.♣


You could see a death yak (summoned, berserk) and a spriggan berserker
(berserk).

Vanquished Creatures
  A bone dragon (Abyss:1)
  2 tentacled monstrosities
  A lich (D:11)
  Rupert (Lair:3)
  2 thorn hunters
  A storm dragon (D:11)
  2 fenstrider witches
  The ghost of Qael the Severer, a journeyman MiBe of Trog (Orc:1)
  The ghost of Wekle the Executioner, a journeyman MiFi of Makhleb (Swamp:2)
  The ghost of EtherCrawl the Placeless Troll, a journeyman TrWr of Okawaru (D:12)
  4 ghouls
  A very ugly thing (Abyss:1)
  An ironbound preserver (D:13)
  5 dire elephants (Lair:6)
  3 bunyips
  7 eleionomae
  Fannar (Orc:1)
  25 hydras
  An ice dragon (D:13)
  2 boulder beetles
  A catoblepas (Lair:3)
  6 centaur warriors
  Erica (D:8)
  3 ghost crabs
  10 alligators
  4 two-headed ogres
  A death knight (D:14)
  The ghost of Vexag the Chopper, a novice HOMo (D:11)
  10 death yaks
  A tengu warrior (D:15)
  Urug (D:12)
  A spectral dire elephant (Lair:6)
  10 spriggans
  Sonja (D:11)
  The ghost of cykeltillsalu the Cleaver, a novice MiAr of Dithmenos (D:7)
  A skeletal warrior (D:15)
  A spectral anaconda (Lair:6)
  3 goliath frogs
  A spatial maelstrom (Abyss:1)
  3 bog bodies
  4 spriggan druids
  4 swamp dragons (Swamp:3)
  2 large abominations (Abyss:1)
  An obsidian statue (Lair:6)
  A wizard (D:14)
  An orb spider (shapeshifter) (D:10)
  The ghost of Millie the Skirmisher, a novice MiFi (D:6)
  3 wolf spider zombies (D:15)
  4 necromancers
  2 deep elf pyromancers
  An orc knight (Orc:1)
  8 orc sorcerers
  3 will-o-the-wisps
  20 ugly things
  A worldbinder (Abyss:1)
  5 manticores
  7 cyclopes
  26 elephants
  Maggie (Lair:2)
  5 black mambas
  3 naga magi (D:15)
  2 dire elephant skeletons (Lair:6)
  2 torpor snails
  2 gargoyles
  14 cane toads
  A kobold demonologist (D:13)
  Psyche (D:8)
  6 komodo dragons
  A tengu conjurer (D:15)
  14 rime drakes
  A guardian mummy (D:15)
  4 trolls
  2 queen bees
  4 meliai
  11 tyrant leeches
  7 hornets
  2 polar bears (D:13)
  19 blink frogs
  A wolf spider simulacrum (D:13)
  5 slime creatures
  6 dream sheep
  A spectral elephant (Lair:6)
  Sigmund (D:2)
  2 shadows (D:11)
  A wraith (D:12)
  45 yaks
  2 water elementals (D:13)
  6 wyverns
  4 basilisks
  2 death yak simulacra (Lair:6)
  12 vampire mosquitoes
  2 small abominations (Abyss:1)
  11 swamp worms
  An acid dragon (D:12)
  8 wargs
  3 swamp drakes (Swamp:3)
  13 water moccasins
  8 ice beasts
  18 orc warriors
  2 black bears
  5 necrophages
  3 ogres
  46 wolves
  4 boggarts
  10 centaurs
  3 elephant skeletons (Lair:6)
  A spectral cyclops (Orc:1)
  An elf zombie (Ossuary)
  A kobold brigand (D:6)
  8 bullfrogs
  A gnoll sergeant (D:7)
  2 scorpions
  2 cane toad simulacra (Lair:6)
  A water moccasin skeleton (D:7)
  42 killer bees
  4 howler monkeys
  An electric eel (Lair:1)
  9 centaur zombies
  A bullfrog zombie (D:5)
  A quasit (Abyss:1)
  2 hounds
  2 jellies
  4 centaur skeletons
  12 orc priests
  A gnoll shaman (D:9)
  A cyclops simulacrum (Orc:1)
  A bullfrog skeleton (D:5)
  2 human zombies (Ossuary)
  4 iguanas
  A warg simulacrum (Orc:1)
  Natasha (thrice) (D:2)
  36 orc wizards
  A scorpion zombie (D:5)
  A spectral orc (Orc:1)
  A troll simulacrum (Orc:1)
  A killer bee zombie (D:8)
  A bullfrog simulacrum (D:6)
  3 hound zombies
  6 mummies
  13 gnolls
  A howler monkey zombie (D:9)
  8 adders
  An ogre simulacrum (Orc:1)
  A river rat (D:3)
  9 white imps
  An orc simulacrum (Orc:1)
  An ufetubus (D:13)
  4 adder zombies (Ossuary)
  3 dart slugs
  82 orcs
  7 ball pythons
  8 endoplasms
  4 giant cockroaches
  2 gnoll zombies (Ossuary)
  5 goblins
  6 hobgoblins
  3 jackals
  5 quokkas
  6 bats
  6 frilled lizards
  4 goblin zombies (Ossuary)
  7 hobgoblin zombies (Ossuary)
  5 jackal zombies (Ossuary)
  18 kobolds
  3 kobold zombies (Ossuary)
  An orc zombie (Ossuary)
  2 quokka zombies (Ossuary)
  7 rats
  A briar patch (Swamp:1)
927 creatures vanquished.

Vanquished Creatures (others)
  A spriggan air mage (Swamp:3)
  A swamp dragon (Swamp:4)
  4 bloated husks
  2 steam dragons (Swamp:4)
  2 swamp drakes (Swamp:4)
  A spectral ogre (Orc:1)
  4 orc wizards
  3 orcs
  16 foxfires
  32 fungi
  66 plants
  19 withered plants
151 creatures vanquished.

Grand Total: 1078 creatures vanquished

Notes
Turn   | Place    | Note
-------+----------+-------------------------------------------
     0 | D:1      | inmateoo the Troll Hunter began the quest for the Orb.
     0 | D:1      | Reached XP level 1. HP: 19/19 MP: 0/0
   231 | D:1      | Reached skill level 1 in Unarmed Combat
   237 | D:1      | Reached XP level 2. HP: 28/28 MP: 1/1
   462 | D:1      | Found a faded altar of an unknown god.
   575 | D:1      | Found a burning altar of Makhleb.
   769 | D:2      | Reached XP level 3. HP: 33/35 MP: 2/2
   769 | D:2      | Noticed Natasha
   777 | D:2      | Killed Natasha
   920 | D:2      | Noticed Natasha
   977 | D:2      | Killed Natasha
   978 | D:2      | Reached XP level 4. HP: 44/44 MP: 3/3
   992 | D:2      | Noticed Sigmund
  1002 | D:2      | Killed Sigmund
  1003 | D:2      | Reached XP level 5. HP: 40/54 MP: 4/4
  1105 | D:2      | Reached XP level 6. HP: 62/62 MP: 5/5
  1137 | D:2      | Noticed Natasha
  1142 | D:2      | Killed Natasha
  2131 | D:4      | Found a stormy altar of Qazlal.
  2389 | D:4      | Found a bloodstained altar of Trog.
  2401 | D:4      | Found a basalt altar of Yredelemnul.
  2402 | D:4      | Found an iron altar of Okawaru.
  2452 | D:4      | Became a worshipper of Warmaster Okawaru
  2788 | D:4      | Identified a scroll of acquirement
  2788 | D:4      | Acquired the ring of Cheibriados's Grace {MP+9 AC+4 Int+5
                  | Dex+4 Stlth+}
  2850 | D:5      | Entered Level 5 of the Dungeon
  2912 | D:5      | Reached skill level 1 in Invocations
  2912 | D:5      | Reached XP level 7. HP: 64/71 MP: 6/6
  3011 | D:5      | Reached skill level 5 in Unarmed Combat
  3089 | D:5      | Found a sand-covered staircase.
  3162 | Ossuary  | Entered an ossuary
  3204 | Ossuary  | Reached * piety under Okawaru
  3406 | Ossuary  | Reached skill level 5 in Fighting
  3416 | Ossuary  | Reached XP level 8. HP: 61/80 MP: 8/8
  3461 | D:5      | Acquired a manual of Transmutations
  3639 | D:5      | Reached ** piety under Okawaru
  3684 | D:5      | Found a blossoming altar of Fedhas.
  3821 | D:6      | Found a runed translucent gate.
  3821 | D:6      | Found a runed translucent gate.
  3821 | D:6      | Found a runed translucent gate.
  3847 | D:6      | Noticed Millie's ghost (novice MiFi)
  3923 | D:6      | Found a shadowy altar of Dithmenos.
  3980 | D:6      | Found a snail-covered altar of Cheibriados.
  4186 | D:6      | Found a white marble altar of Elyvilon.
  4608 | D:7      | Found a staircase to the Ecumenical Temple.
  4670 | D:7      | Found Qalen's Weapon Emporium.
  4750 | D:7      | Reached XP level 9. HP: 82/89 MP: 11/11
  4769 | D:7      | Reached *** piety under Okawaru
  4912 | D:7      | Noticed a queen bee
  4930 | D:7      | Noticed cykeltillsalu's ghost (novice MiAr)
  4979 | D:7      | You fall into a shaft and drop 2 floors!
  5105 | D:9      | Reached skill level 5 in Invocations
  5110 | D:9      | Received a gift from Okawaru
  5145 | D:9      | Found a staircase to the Orcish Mines.
  5331 | D:9      | Reached **** piety under Okawaru
  5332 | D:9      | Reached XP level 10. HP: 71/102 MP: 12/12
  5350 | D:9      | Reached skill level 10 in Unarmed Combat
  5982 | D:8      | Noticed Psyche
  5992 | D:8      | Killed Psyche
  6035 | D:8      | Found a broken altar of Ashenzari.
  6208 | D:8      | Noticed Erica
  6222 | D:8      | Killed Erica
  6222 | D:8      | Received a gift from Okawaru
  6222 | D:8      | Reached ***** piety under Okawaru
  6223 | D:8      | Reached skill level 1 in Spellcasting
  6502 | D:8      | Found a staircase to the Lair.
  6539 | D:8      | Received a gift from Okawaru
  6861 | D:7      | Found a transporter.
  6865 | D:7      | Found a transporter.
  6919 | D:10     | Entered Level 10 of the Dungeon
  6931 | D:10     | Found Qozodo's Antique Armour Boutique.
  6974 | D:10     | Noticed a two-headed ogre
  6984 | D:10     | Killed a two-headed ogre
  6985 | D:10     | Reached XP level 11. HP: 104/111 MP: 14/14
  7101 | D:10     | Noticed an orb spider
  7116 | D:10     | Killed an orb spider
  7121 | D:10     | Reached skill level 5 in Dodging
  7134 | D:10     | Identified the ring "Biavemne" {rPois rC+ rN+ Str-5 Int+6}
  7273 | D:10     | Learned a level 2 spell: Wereblood
  7414 | D:10     | Noticed a two-headed ogre
  7421 | D:10     | Killed a two-headed ogre
  7422 | D:10     | Reached skill level 5 in Throwing
  7655 | D:10     | Reached skill level 1 in Transmutations
  7707 | D:11     | Learned a level 2 spell: Passwall
  7885 | D:11     | Noticed Sonja
  7888 | D:11     | Cast into level 1 of the Abyss (Sonja)
  7921 | Abyss:1  | Found a blossoming altar of Fedhas.
  7941 | Abyss:1  | Noticed a spatial maelstrom
  7946 | Abyss:1  | Killed a spatial maelstrom
  7969 | Abyss:1  | Noticed a large abomination
  7980 | Abyss:1  | Killed a large abomination
  7981 | Abyss:1  | Reached skill level 1 in Earth Magic
  7988 | Abyss:1  | Identified the +0 buckler of Inquiry {Will+ Str+3 Dex-3}
  7992 | Abyss:1  | Noticed a white very ugly thing
  7998 | Abyss:1  | Killed a white very ugly thing
  7998 | Abyss:1  | Received a gift from Okawaru
  8035 | Abyss:1  | Noticed a large abomination
  8053 | Abyss:1  | Noticed a bone dragon
  8063 | Abyss:1  | Noticed a lich
  8064 | Abyss:1  | Killed a bone dragon
  8065 | Abyss:1  | Reached XP level 12. HP: 111/123 MP: 16/16
  8067 | D:11     | Escaped the Abyss
  8210 | D:11     | Killed Sonja
  8654 | D:11     | Killed a lich
  8654 | D:11     | Identified the +0 robe of Restlessness {rElec rF+ Str+6
                  | Stlth+} (Okawaru gifted it to you on level 11 of the
                  | Dungeon)
  8654 | D:11     | Received a gift from Okawaru
  8894 | D:11     | Found an opulent altar of Gozag.
  8895 | D:11     | Found a runed translucent gate.
  8895 | D:11     | Found a runed translucent gate.
  8896 | D:11     | Found a runed translucent gate.
  8896 | D:11     | Noticed Vexag's ghost (novice HOMo)
  8896 | D:11     | Noticed a storm dragon
  8896 | D:11     | Noticed a centaur warrior
  8897 | D:11     | Noticed a centaur warrior
  9143 | D:12     | Noticed a four-headed hydra
  9164 | D:12     | Killed a four-headed hydra
  9294 | D:12     | Found a runed translucent door.
  9294 | D:12     | Identified the +1 spear of the Whelk {freeze, +Rage MP+9}
  9294 | D:12     | Noticed EtherCrawl's ghost (journeyman TrWr)
  9446 | D:12     | Noticed Urug
  9496 | D:12     | Killed Urug
  9497 | D:12     | Reached skill level 10 in Fighting
  9787 | D:13     | Noticed a five-headed hydra
  9792 | D:13     | Killed a five-headed hydra
  9793 | D:13     | Reached XP level 13. HP: 113/133 MP: 17/17
  9990 | D:13     | Found the +4 skin of Zhor {*Englaciate rC+++ SInv}
 10012 | D:13     | Reached skill level 5 in Transmutations
 10122 | D:13     | Reached ****** piety under Okawaru
 10350 | D:13     | Learned a level 6 spell: Statue Form
 10698 | D:13     | Received a gift from Okawaru
 11132 | D:14     | You fall into a shaft and drop 1 floor!
 11132 | D:15     | Entered Level 15 of the Dungeon
 11170 | D:15     | Reached skill level 5 in Earth Magic
 11402 | D:14     | Acquired 1105 gold pieces
 11474 | D:14     | Received a gift from Okawaru
 11760 | D:13     | Received a gift from Okawaru
 12008 | D:14     | Received a gift from Okawaru
 12010 | D:14     | Noticed an ironbound preserver
 12045 | D:13     | Killed an ironbound preserver
 12046 | D:13     | Reached XP level 14. HP: 94/143 MP: 19/19
 12163 | D:14     | Found a gate to the Vaults.
 12637 | D:15     | Found Omaidirupt's Distillery.
 12656 | D:15     | Noticed a ghoul
 12702 | D:15     | Killed a ghoul
 12783 | D:15     | Bought a potion of resistance for 100 gold pieces
 12783 | D:15     | Bought a potion of haste for 100 gold pieces
 12783 | D:15     | Bought a potion of curing for 30 gold pieces
 12783 | D:15     | Bought a potion of mutation for 80 gold pieces
 12783 | D:15     | Bought a potion of curing for 30 gold pieces
 12783 | D:15     | Bought a potion of curing for 30 gold pieces
 12783 | D:15     | Bought 2 potions of curing for 60 gold pieces
 12783 | D:15     | Bought a potion of curing for 30 gold pieces
 12786 | D:15     | Noticed a ghoul
 12895 | D:14     | Killed a ghoul
 12896 | D:14     | Reached skill level 5 in Spellcasting
 13448 | D:15     | Found a staircase to the Depths.
 13455 | D:15     | Received a gift from Okawaru
 13764 | Lair:1   | Entered Level 1 of the Lair of Beasts
 13787 | Lair:1   | Received a gift from Okawaru
 13985 | Lair:1   | Received a gift from Okawaru
 14203 | Lair:1   | Received a gift from Okawaru
 14608 | Lair:2   | Found a staircase to the Swamp.
 14764 | Lair:2   | Found a staircase to the Snake Pit.
 14772 | Lair:2   | Noticed Maggie
 14778 | Lair:2   | Killed Maggie
 14784 | Lair:2   | Found the +27 Lear's hauberk
 15192 | Lair:2   | Found a bloodstained altar of Trog.
 15423 | Lair:3   | Reached XP level 15. HP: 100/149 MP: 22/22
 15441 | Lair:3   | Noticed Rupert
 15485 | Lair:3   | Paralysed by Rupert for 6 turns
 15517 | Lair:3   | Killed Rupert
 17033 | Lair:5   | Received a gift from Okawaru
 17136 | Lair:5   | Found a runed translucent door.
 17137 | Lair:5   | Found a viscous altar of Jiyva.
 17138 | Lair:5   | Found a staircase to the Slime Pits.
 17647 | Lair:5   | Received a gift from Okawaru
 17963 | Lair:6   | Entered Level 6 of the Lair of Beasts
 18083 | Lair:6   | Received a gift from Okawaru
 18272 | Lair:6   | Received a gift from Okawaru
 18349 | Lair:6   | Reached skill level 10 in Transmutations
 18463 | Lair:6   | Reached skill level 10 in Throwing
 19050 | Lair:6   | Received a gift from Okawaru
 19082 | Lair:6   | Reached XP level 16. HP: 58/158 MP: 24/24
 19285 | Lair:6   | Received a gift from Okawaru
 19556 | Lair:6   | Received a gift from Okawaru
 19915 | Orc:1    | Entered Level 1 of the Orcish Mines
 19976 | Orc:1    | Noticed Fannar
 19991 | Orc:1    | Received a gift from Okawaru
 20008 | Orc:1    | Killed Fannar
 20217 | Orc:1    | Found a runed translucent gate.
 20218 | Orc:1    | Found a runed translucent gate.
 20218 | Orc:1    | Found a runed translucent gate.
 20220 | Orc:1    | Noticed Qael's ghost (journeyman MiBe)
 20441 | Orc:1    | Killed Qael's ghost
 20671 | D:6      | Killed Millie's ghost
 20743 | D:7      | Killed cykeltillsalu's ghost
 20867 | D:11     | Killed a storm dragon
 20867 | D:11     | Received a gift from Okawaru
 20870 | D:11     | Killed Vexag's ghost
 20872 | D:11     | Identified the +6 hunting sling of Equehuw {freeze, rPois
                  | rF+} (Okawaru gifted it to you on level 11 of the Dungeon)
 20872 | D:11     | Received a gift from Okawaru
 21014 | D:12     | Killed EtherCrawl's ghost
 21465 | Orc:2    | Entered Level 2 of the Orcish Mines
 21469 | Orc:2    | Found a staircase to the Elven Halls.
 21637 | Orc:2    | Found Qugruxiz's Antique Weapon Shop.
 21637 | Orc:2    | Found Tyguorut's Assorted Antiques.
 21638 | Orc:2    | Paralysed by an orc sorcerer for 7 turns
 21657 | Orc:2    | Bought a flickering bronze ring for 165 gold pieces
 21657 | Orc:2    | Identified the ring of Mol Ysuj {Drain rF+ MP+9 Str+2} (You
                  | bought it in a shop on level 2 of the Orcish Mines)
 21657 | Orc:2    | Bought a scroll of fear for 115 gold pieces
 21657 | Orc:2    | Bought a potion of curing for 99 gold pieces
 21657 | Orc:2    | Bought a scroll of magic mapping for 115 gold pieces
 21712 | Orc:2    | Reached skill level 10 in Earth Magic
 21770 | Orc:2    | Found Gulep's Jewellery Shop.
 21794 | Orc:2    | Gained mutation: You occasionally shout uncontrollably at
                  | your foes. [a neqoxec]
 21818 | Orc:2    | Found Nenat's Antique Weapon Shoppe.
 21823 | Orc:2    | Gained mutation: You have a pair of small antennae on your
                  | head. [potion of mutation]
 21823 | Orc:2    | Gained mutation: Your body sometimes deteriorates upon
                  | taking damage. [potion of mutation]
 21823 | Orc:2    | Gained mutation: You have large cloven feet. [potion of
                  | mutation]
 21824 | Orc:2    | Lost mutation: You occasionally shout uncontrollably at
                  | your foes. [potion of mutation]
 21824 | Orc:2    | Lost mutation: You have large cloven feet. [potion of
                  | mutation]
 21824 | Orc:2    | Gained mutation: Your mind is acute. (Int +2) [potion of
                  | mutation]
 21825 | Orc:2    | Lost mutation: Your body sometimes deteriorates upon taking
                  | damage. [potion of mutation]
 21825 | Orc:2    | Lost mutation: Your mind is acute. (Int +2) [potion of
                  | mutation]
 21825 | Orc:2    | Gained mutation: You are partially covered in iridescent
                  | scales. (AC +2) [potion of mutation]
 21825 | Orc:2    | Gained mutation: You are strong-willed. (Will+) [potion of
                  | mutation]
 21825 | Orc:2    | Lost mutation: You are partially covered in iridescent
                  | scales. (AC +2) [potion of mutation]
 21848 | Orc:2    | Bought the amulet "Kibraukh" {Spirit +Blink rElec Int+4}
                  | for 772 gold pieces
 21861 | Orc:2    | Bought the ring of Wonder {rElec rN+++ Int-5 Slay+4 Stlth+}
                  | for 1348 gold pieces
 22556 | Swamp:1  | Entered Level 1 of the Swamp
 22673 | Swamp:1  | Noticed a thorn hunter
 22687 | Swamp:1  | Killed a thorn hunter
 22687 | Swamp:1  | Received a gift from Okawaru
 22740 | Swamp:1  | Noticed a tentacled monstrosity
 22752 | Swamp:1  | Killed a tentacled monstrosity
 22752 | Swamp:1  | Received a gift from Okawaru
 22878 | Swamp:1  | Received a gift from Okawaru
 23155 | Swamp:2  | Reached XP level 17. HP: 92/166 MP: 8/28
 23177 | Swamp:2  | Received a gift from Okawaru
 23298 | Swamp:2  | Received a gift from Okawaru
 23457 | Swamp:2  | Noticed a tentacled monstrosity
 23466 | Swamp:2  | Killed a tentacled monstrosity
 23541 | Swamp:2  | Received a gift from Okawaru
 23587 | Swamp:2  | Found a runed translucent door.
 23588 | Swamp:2  | Noticed Wekle's ghost (journeyman MiFi)
 23938 | Swamp:2  | Killed Wekle's ghost
 24011 | Swamp:3  | Identified the +0 hat of Okawaru's Supremacy {rPois rC-
                  | rCorr Str+3} (Okawaru gifted it to you on level 3 of the
                  | Swamp)
 24011 | Swamp:3  | Received a gift from Okawaru
 24316 | Swamp:3  | Acquired the +2 hat of the Bear Spirit {Spirit, +Rage rN+
                  | Will++}
 24317 | Swamp:3  | Found the +2 hat of the Bear Spirit {Spirit, +Rage rN+
                  | Will++}
 24496 | Swamp:3  | Noticed a tentacled monstrosity
 24499 | Swamp:3  | Noticed popps's ghost (adept MiBe)
 24501 | Swamp:3  | Noticed a tentacled monstrosity
 24630 | Swamp:3  | Found a transporter.
 24644 | Swamp:3  | Found a transporter.
 24899 | Swamp:4  | Entered Level 4 of the Swamp
 25170 | Swamp:4  | HP: 3/215 [spriggan berserker (24)]
 25171 | Swamp:4  | Annihilated by a spriggan berserker

Illustrated notes

Levels and vault maps discovered:
D:1:      sevenhm_arrival_forest_fort_small_6, layout_basic,
          ebering_ecumenical_altar_petrified
D:2:      layout_rooms, kennysheep_generic_room_5, uniq_sigmund, uniq_natasha
D:3:      minmay_spotlight, layout_basic, portal_sewer_entry_e,
          minmay_goblin_kobold_house
D:4:      layout_loops_cross, minitemple,
          mainiacjoe_overflow_concentric_impassable, minivault_23
D:5:      layout_basic, fedhas_altar_4, enter_ossuary_5, lemuel_old_faithful
D:6:      layout_loops_cross, mainiacjoe_overflow_boulevard,
          nicolae_dithmenos_the_darkroom, general_overflow_altar,
          gammafunk_ghost_icy
D:7:      layout_loops_cross, temple_hall_moat, serial_shops,
          kennysheep_little_box, gammafunk_ghost_hive, minivault_26,
          chequers_garden
D:8:      layout_loops_cross, cheibrodos_ashenzari_chains, david_lair_shrubbed,
          uniq_psyche, uniq_erica
D:9:      layout_basic, orc_0_dummy
D:10:     kennysheep_big_flooded_room, layout_long_grid, serial_shops,
          nicolae_shop_crystal
D:11:     layout_roguey, ebering_ghost_gozag, roderic_serpentine_path,
          uniq_sonja
D:12:     layout_roguey, ebering_ghost_funeral_grove, uniq_urug
D:13:     layout_long_grid, serial_ice, serial_ice_j, serial_ice_o,
          serial_ice_e, serial_ice_n, hellmonk_guarded_unrand_zhor
D:14:     layout_roguey, skrybe_vaults_entry_preservation
D:15:     grunt_enter_depths_magical_seal, layout_grid_maze, serial_undead,
          serial_undead_b, serial_undead_a, serial_undead_d, serial_undead_f,
          serial_undead_f, serial_undead_a, serial_undead_d, dk_noncrumbling_3,
          serial_shops, shop
Lair:1:   layout_cave_shapes, grunt_forest_large_clearings, wad_woods_river_01
Lair:2:   layout_loops_ring, swamp_mist, dummy_snake_entry,
          lemuel_centaur_altar, grunt_megastairs_3, lemuel_fruit_fields,
          infiniplex_staircase_pool, uniq_maggie
Lair:3:   layout_chaotic_city, uniq_rupert
Lair:4:   layout_gridlike
Lair:5:   layout_long_grid, slime_altar_2, special_room [special_room_bee]
Lair:6:   due_jungle_book, layout_regular_city, hangedman_lair_generics_rect
Swamp:1:  layout_basic_swamp, evilmike_swamp_ruin_house_6, swamp_pool1,
          grunt_witch_cave
Swamp:2:  layout_basic_swamp, ebering_ghost_reflecting_pool,
          nicolae_swamp_very_dense_foliage, swamp_pool2,
          nicolae_swamp_hydra_murder_den
Swamp:3:  layout_falls_marsh, gammafunk_ghost_arena,
          nicolae_swamp_round_clearing, swamp_pool5
Swamp:4:  swamp_fiery, layout_basic_swamp
Orc:1:    layout_diamond_mine, basic_altar, gammafunk_ghost_necromancy,
          guppyfry_library_mini, uniq_fannar
Orc:2:    st_orc_town, layout_diamond_mine

Skill      XL: |  1  2  3  4  5  6  7  8  9 10 11 12 13 14 15 16 17 |
---------------+----------------------------------------------------+-----
Unarmed Combat | 1 2 3 4 5 6 9 10 11 12 13 14 | 14.0
Fighting       | 2 3 4 5 7 8 9 10 | 10.0
Dodging        | 2 3 4 5 6 7 8 |  8.0
Invocations    | 1 2 4 5 6 7 8 |  8.0
Throwing       | 4 5 6 7 9 10 | 10.0
Spellcasting   | 1 2 3 4 5 6 8 |  8.0
Transmutations | 3 4 6 8 10 12 14 | 14.0
Earth Magic    | 2 3 5 7 8 10 | 10.0
Stealth        | |  0.3
Shields        | |  0.1

Action                   |  1- 3 |  4- 6 |  7- 9 | 10-12 | 13-15 | 16-18 || total
-------------------------+-------+-------+-------+-------+-------+-------++-------
Melee: Unarmed           |    72 |   158 |   358 |   404 |  1345 |   806 ||  3143
       Punch             |       |     3 |    16 |    30 |   144 |    67 ||   260
Throw: Large rock        |     2 |       |     1 |    21 |   100 |    12 ||   136
       Throwing net      |       |       |       |     2 |       |       ||     2
       Javelin           |       |       |       |       |       |     4 ||     4
 Cast: Statue Form       |       |       |       |       |     2 |    39 ||    41
       Wereblood         |       |       |       |       |       |    25 ||    25
Invok: Heroism           |       |       |     4 |     7 |    17 |     5 ||    33
       Finesse           |       |       |       |       |     2 |     2 ||     4
Evoke: Wand              |       |       |       |     6 |       |       ||     6
  Use: Scroll            |       |    12 |     5 |     4 |    14 |     6 ||    41
       Potion            |       |       |       |       |       |     5 ||     5
 Stab: Sleeping          |       |     5 |     7 |     6 |    15 |     2 ||    35
       Distracted        |       |       |       |     2 |       |       ||     2
       Paralysed         |       |       |       |     4 |       |       ||     4
       Held in net/web   |       |       |       |     1 |       |       ||     1
Armor: Robe              |    20 |    57 |   127 |    30 |       |       ||   234
       Swamp dragon scal |       |       |       |   109 |   128 |       ||   237
       Animal skin       |       |       |       |       |   370 |    62 ||   432
       Skin              |       |       |       |       |    17 |   601 ||   618
Dodge: Dodged            |    27 |    77 |   175 |   173 |   755 |   642 ||  1849
Block: Other             |       |       |       |    51 |   268 |    85 ||   404
       Reflection        |       |       |       |     1 |     4 |     1 ||     6
